 Seeded DCSS version 0.29.1-1-gd02db6906a (webtiles) character file.

Game seed: 8800239265270809476 (custom seed)

11 GigaChad the Shield-Bearer (level 2, -1/26 HPs)
             Began as a Minotaur Fighter on Sept 26, 2022.
             Frozen to death by an endoplasm (2 damage)
             ... on level 1 of the Dungeon.
             The game lasted 00:00:58 (243 turns).

GigaChad the Shield-Bearer (Minotaur Fighter)        Turns: 243, Time: 00:00:58

Health: -1/26      AC:  6    Str: 20    XL:     2   Next: 13%
Magic:  1/1        EV:  9    Int:  5    God:
Gold:   9          SH:  4    Dex:  9    Spells: 1/1 levels left

rFire   . . .      SeeInvis .   a - +0 long sword
rCold   . . .      Faith    .   c - +0 buckler
rNeg    . . .      Spirit   .   b - +0 scale mail
rPois   .          Reflect  .   (helmet restricted)
rElec   .          Harm     .   (no cloak)
rCorr   .          Rampage  .   (no gloves)
Will    .....                   (no boots)
Stlth   ..........              (no amulet)
HPRegen 0.08/turn               (no ring)
MPRegen 0.07/turn               (no ring)

@: studying Stealth
A: horns 2, retaliatory headbutt
a: no special abilities


You were on level 1 of the Dungeon.
You visited 1 branch of the dungeon, and saw 1 of its levels.

You collected 9 gold pieces.

Inventory:

Hand Weapons
 a - a +0 long sword (weapon)
Armour
 b - a +0 scale mail (worn)
 c - a +0 buckler (worn)
Scrolls
 e - a scroll of teleportation {unknown}
Potions
 d - a potion of might


   Skills:
 - Level 3.6 Fighting
 - Level 2.4 Long Blades
 - Level 3.6 Armour
 + Level 2.5 Stealth
 - Level 3.6 Shields


You had one spell level left.
You didn't know any spells.
Your spell library was empty.

Dungeon Overview and Level Annotations

Branches:
Dungeon (1/15)

Altars:


Innate Abilities, Weirdness & Mutations

You have a pair of horns on your head.
You reflexively headbutt those who attack you in melee.


Message History

You closely miss the frilled lizard. You headbutt the frilled lizard.
You kill the frilled lizard!
The bat barely misses you. You furiously retaliate!
You headbutt the bat, but do no damage. The endoplasm freezes you.
You are frozen.
The hobgoblin hits you.
You closely miss the bat. The bat closely misses you.
A rat comes into view.
The endoplasm freezes you.
You are frozen.
The hobgoblin hits you but does no damage.
The bat barely misses you. The bat hits you but does no damage.
The hobgoblin barely misses you. You furiously retaliate!
You headbutt the hobgoblin, but do no damage.
The bat closely misses you. You furiously retaliate!
You headbutt the bat!
You kill the bat!
The hobgoblin attacks as you move away! The hobgoblin closely misses you.
You closely miss the hobgoblin.
The endoplasm hits you but does no damage.
The hobgoblin hits you.
The hobgoblin hits you but does no damage.
The endoplasm freezes you.
You are frozen.
The hobgoblin hits you.
* * * LOW HITPOINT WARNING * * *
The endoplasm hits you but does no damage.
The hobgoblin barely misses you. The rat bites you but does no damage.
You slash the rat!
You kill the rat!
The endoplasm freezes you.
You are frozen.
* * * LOW HITPOINT WARNING * * *
The hobgoblin hits you.
* * * LOW HITPOINT WARNING * * *
You hit the hobgoblin. You headbutt the hobgoblin.
You kill the hobgoblin!
The endoplasm freezes you.
You are frozen.
You die...

#........ #.. #........
##... #.#.# #........
#...r #.#...##....)...
#.... #.# #....##.....
#.... #.######.##.###.
###.... #.#.........###.
.....#.###.#.######..#...
.......†@....# ##.....
#........J.### #.....
#...........# ##.....
......?......... ........
.#.........##### ###.....
#...##.##.# #..... #^.#.
#.##.. ##..>.. ..##
#.$.... ....... .# ###
#### ##.....


You could see an endoplasm.

Vanquished Creatures
  A dart slug (D:1)
  A goblin (D:1)
  3 hobgoblins (D:1)
  A quokka (D:1)
  A bat (D:1)
  A frilled lizard (D:1)
  2 rats (D:1)
10 creatures vanquished.

Notes
Turn   | Place    | Note
-------+----------+-------------------------------------------
     0 | D:1      | GigaChad the Minotaur Fighter began the quest for the Orb.
     0 | D:1      | Reached XP level 1. HP: 19/19 MP: 0/0
    31 | D:1      | Identified a scroll of acquirement
    31 | D:1      | Acquired a manual of Stealth
   102 | D:1      | Reached skill level 1 in Stealth
   217 | D:1      | Reached XP level 2. HP: 26/26 MP: 1/1
   242 | D:1      | HP: 1/26 [hobgoblin (1)]
   243 | D:1      | Frozen to death by an endoplasm

Illustrated notes

Levels and vault maps discovered:
D:1:      minmay_arrival_widening_spiral_wide, layout_rooms,
          serial_bayou_pond_b, minmay_crystal_room, st_stairs_3

Skill      XL: |  1 |
---------------+----+-----
Stealth        | 2 |  2.5
Fighting       | |  3.6
Long Blades    | |  2.4
Armour         | |  3.6
Shields        | |  3.6

Action                   || total
-------------------------++-------
Melee: Long sword        ||    17
       Headbutt          ||     4
  Use: Scroll            ||     1
Armor: Scale mail        ||    13
Dodge: Dodged            ||    18
Block: Buckler           ||     7
